 Dungeon Crawl Stone Soup version 0.18-a0-1243-g9e52518 (webtiles) character file.

89 M4edhros the Charlatan (level 4, -1/28 HPs)
             Began as an Octopode Artificer on Feb 6, 2016.
             Slain by Edmund
             ... wielding a +0 flail of protection
              (6 damage)
             ... on level 4 of the Dungeon.
             The game lasted 00:02:22 (1186 turns).

M4edhros the Charlatan (Octopode Artificer)         Turns: 1186, Time: 00:02:22

Health: -1/28      AC:  1    Str: 10    XL:     4   Next: 55%
Magic:  7/7        EV: 13    Int: 15    God:
Gold:   65         SH:  0    Dex: 12    Spells: 0 memorised, 3 levels left

rFire  . . .     SeeInvis .     a - +0 short sword
rCold  . . .     Gourm    .     (no shield)
rNeg   . . .     Faith    .     (helmet restricted)
rPois  .         Spirit   .     (no amulet)
rElec  .         Dismiss  .     (no ring)
rCorr  .         Reflect  .     (no ring)
SustAt .         Harm     .     (no ring)
MR     .....                    (no ring)
Stlth  +++.......               (no ring)
                                (no ring)
                                (no ring)
                                (no ring)

@: not resistant to hostile enchantments, fairly stealthy
A: almost no armour, amphibious, 8 rings, constrict 8, camouflage 1, gelatinous
body 1
a: no special abilities


You were on level 4 of the Dungeon.
You were hungry.

You visited 1 branch of the dungeon, and saw 4 of its levels.

You collected 65 gold pieces.

Inventory:

Hand Weapons
 a - a +0 short sword (weapon)
 k - a +1 hunting sling
Missiles
 i - 15 stones (quivered)
Wands
 b - a wand of flame (8/48)
 c - a wand of enslavement (14/24)
 d - a wand of random effects (9/48)
Scrolls
 g - a scroll of fog {unknown}
 l - a scroll of random uselessness
Potions
 e - 2 potions of curing {unknown}
 h - a potion of invisibility {unknown}
 j - a potion of flight {unknown}
 p - 2 potions of heal wounds {unknown}
 q - a potion of might {unknown}
Comestibles
 f - 4 bread rations
 o - a meat ration


   Skills:
 - Level 1.0 Fighting
 - Level 1.0 Short Blades
 * Level 3.3 Dodging
 * Level 3.4 Stealth
 + Level 4.1 Evocations


You had 3 spell levels left.
You didn't know any spells.

Dungeon Overview and Level Annotations

Branches:
Dungeon (4/15)
 Temple: D:4-7

Altars:
Cheibriados
Nemelex Xobeh

Annotations:
D:4 Edmund


Innate Abilities, Weirdness & Mutations

You cannot wear most types of armour.
You are amphibious.
You can wear up to eight rings at the same time.
You can use your tentacles to constrict eight enemies at once.
Your skin changes colour to match your surroundings (Stealth).
Your rubbery body absorbs attacks (AC +1).


Message History

Nothing appears to happen.
This wand has 11 charges left.
Evoke which item? (* to show all) (? for menu, Esc to quit)
Zapping:
d - a wand of random effects (11/48)
Press: ? - help, Shift-Dir - straight line, f/p - Edmund
Aim: Edmund, wielding a flail of protection and wearing a chain mail (moderately wounded) Edmund resists with significant effort.
This wand has 10 charges left.
Edmund hits you with a flail of protection!
* * * LOW HITPOINT WARNING * * *
You hear the hiss of a very distant avalanche of sand.
You see here a jackal corpse.
Edmund asks, "Have you met my wondrous brother?"
Evoke which item? (* to show all) (? for menu, Esc to quit)
Zapping:
d - a wand of random effects (10/48)
Press: ? - help, Shift-Dir - straight line, f/p - Edmund
Aim: Edmund, wielding a flail of protection and wearing a chain mail (lightly wounded)
The magic dart hits Edmund.
Edmund is lightly wounded.
This wand has 9 charges left.
Edmund hits you with a flail of protection.
You die...

#####..#####... #..##
.#### ##..# .#..#
####..#### #..#
#........# #..#
##########....>...+ #..#
#......^..........# #..#
#...........#########..#
#...........# #@@......#
#...........# #.######.#
#...........# #.#<...#.#
#...........# #.#..#.#.#
#...........# #.#..#.#.#
#...........# #.####.#.#
#######....## #......#.#
#..†.###########.#
#....†...........#


You could see Edmund.

Vanquished Creatures
  A hound (D:4)
  A worker ant (D:4)
  An adder (D:4)
  2 bats (D:2)
  A giant cockroach (D:4)
  2 goblins (D:1)
  3 hobgoblins
  7 jackals
  2 giant newts (D:1)
  3 kobolds
  A rat (D:2)
24 creatures vanquished.

Vanquished Creatures (collateral kills)
  2 orcs (D:4)
2 creatures vanquished.

Vanquished Creatures (others)
  An orc (D:4)
  A kobold (D:1)
2 creatures vanquished.

Grand Total: 28 creatures vanquished

Notes
Turn   | Place    | Note
--------------------------------------------------------------
     0 | D:1      | M4edhros the Octopode Artificer began the quest for the Orb.
     0 | D:1      | Reached XP level 1. HP: 13/13 MP: 3/3
   354 | D:1      | Reached XP level 2. HP: 18/18 MP: 4/4
   914 | D:3      | Found a sparkling altar of Nemelex Xobeh.
  1060 | D:4      | Reached XP level 3. HP: 17/23 MP: 5/5
  1099 | D:4      | Found a snail-covered altar of Cheibriados.
  1104 | D:4      | Noticed Edmund
  1125 | D:4      | Reached skill level 4 in Evocations
  1125 | D:4      | Reached XP level 4. HP: 18/28 MP: 5/7
  1186 | D:4      | Slain by Edmund

Vault maps used:
D:1:      moated_graveyard_arrival, lemuel_flame_loot_1
D:2:      serial_bayou_pond_d
D:3:      nemelex_xobeh_ov_fountains_minmay, nicolae_overflow_hidden_temple,
          first_bread, uniq_sigmund
D:4:      grunt_temple_overflow_order_and_chaos_2, lemuel_blue_sif_altar,
          kennysheep_mini_moat, gup_ossuary_entry_pyramid,
          minmay_stone_trees_medium, fedhas_altar_1, uniq_menkaure, uniq_edmund,
          uniq_grinder

Action                   |  1- 3 |  4- 6 || total
-------------------------+-------+-------++-------
Melee: Short sword       |    42 |     4 ||    46
Evoke: Wand              |     8 |     6 ||    14
  Use: Scroll            |     4 |       ||     4
 Stab: Sleeping          |     6 |       ||     6
